 Dungeon Crawl Stone Soup version 0.28.0-49-g6dfe1f597d (webtiles) character file.

Game seed: 7845841412792161364

72 Exodus22XD the Poker (level 4, -4/33 HPs)
             Began as a Demonspawn Gladiator on May 19, 2022.
             Slain by an ogre
             ... wielding a +0 giant club
              (10 damage)
             ... on level 3 of the Dungeon.
             The game lasted 00:01:40 (2417 turns).

Exodus22XD the Poker (Demonspawn Gladiator)         Turns: 2417, Time: 00:01:41

Health: -4/33      AC:  9    Str: 16    XL:     4   Next: 6%
Magic:  4/4        EV:  7    Int:  9    God:
Gold:   58         SH:  0    Dex: 15    Spells: 3/3 levels left

rFire   . . .      SeeInvis .   a - +0 trident
rCold   . . .      Faith    .   (no shield)
rNeg    . . .      Spirit   .   e - +0 chain mail
rPois   .          Reflect  .   c - +0 helmet
rElec   .          Harm     .   (no cloak)
rCorr   .          Rampage  .   (no gloves)
Will    .....                   (no boots)
Stlth   ..........              (no amulet)
HPRegen 0.11/turn               (no ring)
MPRegen 0.09/turn               (no ring)

@: no status effects
A: claws 1, ignite blood 1, weakness stinger 1
a: no special abilities


You were on level 3 of the Dungeon.
You visited 1 branch of the dungeon, and saw 3 of its levels.

You collected 58 gold pieces.

Inventory:

Hand Weapons
 a - a +0 trident (weapon)
Missiles
 d - 4 throwing nets (quivered)
Armour
 b - a +0 leather armour
 c - a +0 helmet (worn)
 e - a +0 chain mail (worn)
Scrolls
 f - a scroll of vulnerability {unknown}
 g - 2 scrolls of identify {unknown}
 j - a scroll of amnesia {unknown}
 k - a scroll of magic mapping {unknown}
Potions
 h - a potion of resistance {unknown}
 i - a potion of curing {unknown}
 l - a potion of heal wounds {unknown}
 m - a potion of brilliance {unknown}


   Skills:
 + Level 2.3 Fighting
 + Level 3.5 Polearms
 + Level 2.0 Throwing
 + Level 1.0 Armour
 + Level 3.2 Dodging


You had 3 spell levels left.
You didn't know any spells.
Your spell library contained the following spells:

 Spells                   Type           Power      Damage    Failure   Level
 Summon Small Mammal      Summ           0%         N/A       100%        1
 Call Canine Familiar     Summ           0%         N/A       100%        3
 Summon Guardian Golem    Hex/Summ       0%         N/A       100%        3


Dungeon Overview and Level Annotations

Branches:
Dungeon (3/15)

Altars:

Shops:
D:2 [

Annotations:
D:2 1 runed translucent door, Crazy Yiuf


Innate Abilities, Weirdness & Mutations

You have sharp fingernails.
Your demonic aura sometimes causes spilled blood to erupt in flames.
You have a small tail.


Message History

You barely miss the bat. The bat completely misses you.
The bat barely misses you.
You closely miss the bat. The bat hits you but does no damage.
You barely miss the bat. The bat hits you but does no damage. x2
You barely miss the bat. The bat barely misses you.
The bat hits you but does no damage.
You closely miss the bat. Your claw misses the bat. The bat barely misses you.
The bat hits you but does no damage. x2
Okay, then.
Unknown command.
Unknown command.
Okay, then.
You closely miss the bat.
Your tail-slap misses the bat.
The bat hits you but does no damage.
You barely miss the bat. The bat hits you but does no damage. x2
You puncture the bat!
You kill the bat!
You reach to attack!
You barely miss the orc.
You reach to attack!
You puncture the orc!
You kill the orc!
You reach to attack!
You hit the ogre.
The ogre is lightly wounded.
You hit the ogre. You tail-slap the ogre.
The ogre is moderately wounded.
The ogre hits you with a +0 giant club!
You hit the ogre. You tail-slap the ogre.
The ogre is heavily wounded.
The ogre hits you with a +0 giant club!
Ouch! That really hurt!
* * * LOW HITPOINT WARNING * * *
You are too injured to fight recklessly!
You are too injured to fight recklessly!
You are too injured to fight recklessly!
Unknown command.
You are too injured to fight recklessly!
You are too injured to fight recklessly!
You barely miss the ogre.
The ogre is heavily wounded.
The ogre is engulfed in blazing flames.
The ogre hits you with a +0 giant club!
You die...

#..#.# ##.#.# ##
#...###....
##......[#
#O.###..# ##.## .#
#..# .####
##########.#......
######
#......@O)....#
#....#
#.#########+#.#
#....#####.# #
#..........#####...
#........#.........
####.....#.........
#.....#....#####
#<....#....#
#.....#....#


You could see an ogre.

Vanquished Creatures
  4 dart slugs
  A worm (D:2)
  3 orcs (D:3)
  9 bats
  2 endoplasms (D:2)
  4 giant cockroaches
  6 goblins
  5 hobgoblins
  7 kobolds
  A quokka (D:1)
  4 ball pythons
  4 frilled lizards
  5 rats
55 creatures vanquished.

Vanquished Creatures (others)
  2 fungi (D:2)
2 creatures vanquished.

Grand Total: 57 creatures vanquished

Notes
Turn   | Place    | Note
-------+----------+-------------------------------------------
     0 | D:1      | Exodus22XD the Demonspawn Gladiator began the quest for the
                  | Orb.
     0 | D:1      | Reached XP level 1. HP: 16/16 MP: 1/1
   532 | D:1      | Gained mutation: Your demonic aura sometimes causes spilled
                  | blood to erupt in flames. [demonic ancestry]
   532 | D:1      | Reached XP level 2. HP: 17/22 MP: 2/2
  1131 | D:1      | Discovered your monstrous ancestry.
  1131 | D:1      | Gained mutation: You have sharp fingernails. [demonic
                  | ancestry]
  1131 | D:1      | Reached XP level 3. HP: 26/27 MP: 3/3
  1311 | D:2      | Found Igux's Armour Boutique.
  1706 | D:2      | Found a faded altar of an unknown god.
  2151 | D:2      | Found a runed translucent door.
  2152 | D:2      | Noticed Crazy Yiuf
  2275 | D:3      | Reached skill level 1 in Armour
  2385 | D:3      | Noticed an ogre
  2389 | D:3      | Gained mutation: You have a small tail. [demonic ancestry]
  2389 | D:3      | Reached XP level 4. HP: 32/33 MP: 4/4
  2417 | D:3      | Slain by an ogre

Illustrated notes

Levels and vault maps discovered:
D:1:      ncdulo_watergridlock, layout_loops_ring, minmay_misc_feat_pillars
D:2:      layout_rooms, serial_shops, shop,
          shapermc_ecumenical_altar_totnotflames, uniq_crazy_yiuf_cottage
D:3:      layout_basic, nicolae_wu_jian_immortal_techniques, uniq_robin

Skill      XL: |  1  2  3 |
---------------+----------+-----
Polearms       | 3 |  3.5
Dodging        | 3 |  3.2
Throwing       | 2 |  2.0
Armour         | 1 |  1.0
Fighting       | |  2.3

Action                   |  1- 3 |  4- 6 || total
-------------------------+-------+-------++-------
Melee: Trident           |   180 |    14 ||   194
       Punch             |     1 |       ||     1
       Tailslap          |       |     2 ||     2
Armor: Chain mail        |    76 |    20 ||    96
       Leather armour    |     5 |       ||     5
Dodge: Dodged            |    53 |     6 ||    59
